AoeStats
← AM | Popeyin

MegaRandom

506695049Analyzed
1v1 RM · 19d ago on Sep 14, 2026· 61m 20s· 2 players
Game mode
Random Map
Map size
Tiny (2 player)
Population
200
Speed
Normal
Resources
Standard
Victory
Conquest
Starting age
Dark Age
Ending age
Imperial Age
RankedLock teamsTeams togetherTeam positionsShared explorationLock speedFull tech treeHidden civsTurbo modeCheats
Victory
Defeat
🇸🇪 Gurjaras · Sweden
1065
+14
🇲🇽 Celts · Mexico
1014
-14
AM | Popeyin
4:07 Loom
11:09 Feudal Age
12:21 Arson
11:58 Man-at-Arms
19:25 Scale Mail Armor
19:36 Forging
21:17 Wheelbarrow
20:47 Double-Bit Axe
23:38 Padded Archer Armor
23:30 Fletching
23:33 Gold Mining
23:45 Horse Collar
32:45 Castle Age
31:26 Scale Barding Armor
31:34 Stone Mining
34:43 Bow Saw
35:09 Gold Shaft Mining
35:50 Ballistics
36:55 Hand Cart
39:55 Iron Casting
39:36 Chain Mail Armor
43:22 Imperial Age
45:59 Chemistry
45:18 Gambesons
44:56 Long Swordsman
44:56 Pikeman
46:43 Blast Furnace
46:13 Plate Mail Armor
45:48 Capped Ram
46:01 Halberdier
46:08 Two-Handed Swordsman
47:27 Furor Celtica
47:41 Conscription
48:17 Halberdier
51:47 Stone Shaft Mining
52:19 Elite Woad Raider
AggressiveAlgae
6:52 Loom
9:43 Feudal Age
10:42 Man-at-Arms
11:59 Double-Bit Axe
14:12 Town Watch
15:48 Fletching
21:02 Wheelbarrow
20:44 Padded Archer Armor
24:02 Castle Age
23:31 Arson
24:32 Forging
24:28 Crossbowman
26:18 Elite Skirmisher
31:37 Thumb Ring
32:59 Ballistics
33:15 Horse Collar
35:43 Masonry
35:56 Bodkin Arrow
40:07 Iron Casting
39:48 Leather Archer Armor
39:38 Gold Mining
44:51 Imperial Age
46:22 Bracer
47:20 Hoardings
47:49 Bloodlines
47:15 Light Cavalry
49:01 Kshatriyas
49:33 Architecture
49:44 Husbandry
49:58 Heavy Plow
50:19 Conscription
50:38 Stone Mining
50:42 Onager
53:36 Chemistry
52:19 Treadmill Crane
52:18 Elite Chakram Thrower
54:22 Scale Barding Armor
54:18 Scale Mail Armor
54:31 Hussar
56:50 Murder Holes
61:15 Frontier Guards
62:05 Chain Mail Armor
62:13 Chain Barding Armor
Connection lost

Rejoining the realm…

Still unreachable

The connection could not be restored.

Session expired

The server has moved on; the page needs a fresh start.